 Dungeon Crawl Stone Soup version 0.18.1-50-g88ac8fd (webtiles) character file.

76 varam the Sneak (level 4, 21/21 HPs)
             Began as a Spriggan Enchanter on Oct 21, 2016.
             Quit the game on level 2 of the Dungeon.
             The game lasted 00:03:48 (1527 turns).

varam the Sneak (Spriggan Enchanter)                Turns: 1527, Time: 00:03:49

Health: 21/21      AC:  3    Str:  5    XL:     4   Next: 12%
Magic:  9/9        EV: 18    Int: 16    God:
Gold:   45         SH:  0    Dex: 16    Spells: 2 memorised, 5 levels left

rFire  . . .     SeeInvis +     a - +1 dagger
rCold  . . .     Gourm    .     b - +1 robe
rNeg   . . .     Faith    .     (shield restricted)
rPois  .         Spirit   .     (helmet restricted)
rElec  .         Dismiss  .     (no cloak)
rCorr  .         Reflect  .     (gloves unavailable)
SustAt .         Harm     .     (boots unavailable)
MR     .....                    (no amulet)
Stlth  ++++......               (no ring)
                                (no ring)

@: very quick, not resistant to hostile enchantments, stealthy
A: unfitting armour, see invisible, herbivore 3, speed 3, slow metabolism 2
a: no special abilities


You were on level 2 of the Dungeon.
You were not hungry.

You visited 1 branch of the dungeon, and saw 2 of its levels.

You collected 45 gold pieces.

Inventory:

Hand Weapons
 a - a +1 dagger (weapon)
Armour
 b - a +1 robe (worn)
Scrolls
 e - a scroll of blinking {unknown}
 f - a scroll of recharging {unknown}
 g - a scroll of identify {unknown}
 h - a scroll of magic mapping {unknown}
 k - a scroll of noise {unknown}
Potions
 i - a potion of magic {unknown}
 j - a potion of mutation {unknown}
Books
 c - a book of Maledictions

   Spells                             Type                      Level
   a - Corona                         Hexes                        1
   b - Ensorcelled Hibernation        Hexes/Ice                    2
   c - Confuse                        Hexes                        3
   d - Tukima's Dance                 Hexes                        3
   e - Dazzling Spray                 Conjuration/Hexes            3
Comestibles
 d - a bread ration


   Skills:
 + Level 0.5 Fighting
 + Level 1.7 Short Blades
 - Level 3.0 Dodging
 + Level 6.8 Stealth
 - Level 2.6 Spellcasting
 - Level 3.6 Hexes
 + Level 0.7 Ice Magic


You had 5 spell levels left.
You knew the following spells:

 Your Spells              Type           Power        Failure   Level  Hunger
a - Ensorcelled Hibernat  Hex/Ice        #.....       14%         2    ##.....
b - Corona                Hex            ##.....      6%          1    #......


Dungeon Overview and Level Annotations

Branches:
Dungeon (2/15)

Altars:
Pakellas

Annotations:
D:2 Ijyb, Sigmund


Innate Abilities, Weirdness & Mutations

You are tiny and cannot use many weapons and most armour.
You have supernaturally acute eyesight.
You are a herbivore.
You cover ground extremely quickly.
You need consume almost no food.


Message History

Aiming: Ensorcelled Hibernation
Press: ? - help, Shift-Dir - straight line, f - hobgoblin
Aim: a hobgoblin, wielding a club (severely wounded, chance to defeat MR: 79%)
The hobgoblin resists with significant effort.
The hobgoblin completely misses you.
You hit the hobgoblin.
You kill the hobgoblin!
Casting: Ensorcelled Hibernation
Confirm with . or Enter, or press ? or * to list all spells.
You don't know that spell.
k - a scroll labeled PAGGILL QANLYPS
Found an oddly glowing altar of Pakellas.
You now have 29 gold pieces (gained 11).
Things that are here:
a club; a hobgoblin corpse You now have 45 gold pieces (gained 16).
There is a stone staircase leading up here.
Found a meat ration.
Ijyb and Sigmund come into view.
Are you sure you want to abandon this character and quit the game? (Confirm with "yes".)

........####....#
#..##...)..#)...#
#..#............#
#....###...#....#
######...#...#..#.<..#
#.......###_###.#....#
#........#...#..#....#
#.........###..#######
####.#.##@....##
#..#.######## ... @.#
###.#.## . .. ..###


There were no monsters in sight!

Vanquished Creatures
  A jelly (D:1)
  A gnoll (D:1)
  2 giant geckos (D:1)
  4 bats (D:1)
  4 goblins (D:1)
  8 hobgoblins
  3 jackals (D:1)
  A kobold (D:1)
  3 giant newts (D:1)
  A rat (D:1)
28 creatures vanquished.

Notes
Turn   | Place    | Note
--------------------------------------------------------------
     0 | D:1      | varam the Spriggan Enchanter began the quest for the Orb.
     0 | D:1      | Reached XP level 1. HP: 9/9 MP: 5/5
    78 | D:1      | Reached skill level 5 in Stealth
   124 | D:1      | Reached XP level 2. HP: 13/13 MP: 6/6
   139 | D:1      | Learned a level 2 spell: Ensorcelled Hibernation
   794 | D:1      | Reached skill level 6 in Stealth
   882 | D:1      | Reached XP level 3. HP: 16/16 MP: 1/8
   990 | D:1      | Reached XP level 4. HP: 4/21 MP: 6/9
  1499 | D:2      | Found an oddly glowing altar of Pakellas.
  1521 | D:2      | Noticed Ijyb
  1521 | D:2      | Noticed Sigmund
  1527 | D:2      | Quit the game

Skill      XL: |  1  2 |
---------------+-------+-----
Stealth        | 5 6 |  6.8
Fighting       | |  0.5
Short Blades   | |  1.7
Dodging        | |  3.0
Spellcasting   | |  2.6
Hexes          | |  3.6
Ice Magic      | |  0.7

Action                   |  1- 3 |  4- 6 || total
-------------------------+-------+-------++-------
Melee: Dagger            |    57 |    15 ||    72
 Cast: Corona            |     4 |       ||     4
       Ensorcelled Hiber |    14 |     8 ||    22
 Stab: Sleeping          |    15 |     4 ||    19
Armor: Robe              |    11 |     2 ||    13
Dodge: Dodged            |    38 |    17 ||    55
